Map: Prion Terraces

Players

RaininMormon

  • Race: Zerg Zerg
  • League: Gold

Grumm - Winner!

  • Race: Protoss Protoss
  • League: Gold

VOD

Have the link to the VOD?

Description

Time

  • Played on: Jan. 19, 2016, 8:16 p.m.
  • Length: 16:29
Show
View Real Time Build Order
Export as new Build Order

RaininMormon Zerg 

Build Orders: Hatch First, Lurkers 

Get SALT Encoding   

  12  0:02  Drone  
  13  0:12  Overlord  
  13  0:17  Drone  
  14  0:32  Drone x2  
  16  0:43  Drone  
  17  0:56  Hatchery  
  16  1:06  Drone  
  16  1:07  Drone  
  16  1:11  Drone, Extractor  
  18  1:22  Spawning Pool  
  18  1:24  Drone  
  18  1:31  Drone  
  19  1:40  Drone  
  20  1:50  Overlord  
  20  2:01  Drone  
  21  2:10  Queen  
  21  2:11  Queen  
  21  2:12  Drone  
  21  2:13  Drone  
  27  2:26  Metabolic Boost  
  27  2:33  Zergling x2  
  27  2:34  Zergling x6  
  31  2:43  Overlord  
  32  2:44  Drone  
  32  2:53  Queen  
  32  2:55  Drone x2  
  36  3:04  Queen  
  38  3:07  Drone  
  38  3:11  Overlord  
  39  3:13  Drone  
  40  3:28  Drone x2, Overlord x2  
  40  3:30  Drone  
  43  3:36  Lair  
  42  3:53  Drone x4  
  42  3:54  Drone x3  
  46  4:13  Roach Warren  
  46  4:17  Evolution Chamber, Drone x4  
  44  4:18  Drone x2, Evolution Chamber  
  49  4:33  Hatchery  
  49  4:35  Extractor  
  49  4:38  Extractor  
  46  4:42  Extractor  
  46  4:44  Zerg Missile Weapons Level 1  
  45  4:46  Zerg Ground Armor Level 1  
  45  4:47  Overlord x2  
  45  4:56  Roach x3  
  45  4:59  Roach  
  53  5:10  Zergling x12  
  53  5:11  Zergling x4  
  62  5:21  Glial Reconstitution  
  61  5:32  Roach x3  
  67  5:42  Hatchery  
  62  5:48  Roach  
  62  5:49  Roach x4  
  58  6:12  Roach x4  
  62  6:42  Queen x2  
  62  6:44  Roach x6  
  76  6:51  Hydralisk Den  
  71  7:10  Roach  
  71  7:11  Roach x3  
  71  7:15  Zerg Missile Weapons Level 2  
  79  7:18  Burrow  
  79  7:24  Tunneling Claws  
  79  7:36  Roach x2  
  83  8:04  Lurker Den  
  83  8:07  Overlord x2  
  83  8:13  Hatchery  
  83  8:18  Hatchery  
  81  8:22  Drone x3  
  81  8:24  Overlord x2  
  84  8:30  Spine Crawler x2  
  82  8:34  Spine Crawler  
  82  8:39  Spine Crawler  
  80  8:42  Spore Crawler  
  80  8:43  Spine Crawler  
  80  8:45  Hydralisk, Roach x2  
  80  8:46  Hydralisk x2, Roach  
  92  8:48  Roach  
  84  9:30  Roach x10  
  82  9:34  Hydralisk  
  82  9:35  Hydralisk x5  
  88  10:06  Roach x9  
  88  10:08  Lurker x2  
  88  10:09  Lurker x3  
  88  10:10  Hydralisk x2  
  88  10:13  Drone x2  
  99  10:14  Queen  
  99  10:17  Drone x3  
  104  10:22  Queen  
  106  10:31  Hydralisk x2  
  106  10:32  Roach x9  
  110  10:55  Roach x8  
  108  11:15  Roach x5  
  108  11:18  Hydralisk x3  
  108  11:19  Hydralisk x5  
  108  11:20  Overlord  
  118  11:39  Zerg Ground Armor Level 2  
  110  11:41  Muscular Augments  
  110  11:44  Overseer  
  108  11:50  Hydralisk  
  110  11:54  Drone x2  
  110  12:00  Extractor  
  111  12:01  Extractor  
  111  12:04  Extractor  
  111  12:05  Drone x3  
  111  12:06  Extractor  
  91  12:32  Hydralisk x4  
  82  12:50  Drone x5  
  82  12:51  Drone  
  86  12:59  Lurker x2  
  86  13:03  Drone  
  86  13:05  Drone  
  92  13:20  Lurker x5  
  92  13:23  Hydralisk  
  97  13:29  Drone  
  97  13:30  Drone x2  
  97  13:33  Drone  
  101  13:34  Drone  
  74  13:51  Hydralisk x4  
  73  14:10  Hydralisk  
  73  14:14  Drone x2  
  73  14:15  Drone  
  73  14:16  Drone x3  
  81  14:20  Drone x3  
  81  14:22  Drone  
  83  14:32  Spire  
  80  14:43  Hydralisk x4  
  71  15:08  Lair  
  71  15:14  Spawning Pool  
  65  15:16  Hydralisk Den  
  65  15:18  Drone x3  
  65  15:20  Drone x16  
  62  15:48  Hydralisk x3  
  66  16:11  Spire  
Show
View Real Time Build Order
Export as new Build Order

Grumm Protoss - Winner!

Build Orders: Nexus First 

Get SALT Encoding   

  12  0:01  Probe (Chrono Boost)  
  13  0:11  Probe (Chrono Boost)  
  14  0:22  Probe (Chrono Boost)  
  14  0:26  Pylon  
  15  0:53  Nexus  
  15  0:58  Probe (Chrono Boost)  
  16  1:08  Probe (Chrono Boost)  
  17  1:14  Assimilator  
  17  1:20  Gateway  
  17  1:23  Probe (Chrono Boost)  
  18  1:34  Probe (Chrono Boost)  
  19  1:44  Gateway  
  19  1:49  Pylon  
  19  1:52  Probe (Chrono Boost)  
  19  1:53  Assimilator  
  20  2:03  Probe (Chrono Boost)  
  21  2:09  Cybernetics Core  
  21  2:10  Probe (Chrono Boost)  
  22  2:23  Forge  
  22  2:33  Probe (Chrono Boost)  
  22  2:34  Probe (Chrono Boost)  
  24  2:46  Mothership Core (Chrono Boost), Warp Gate (Chrono Boost)  
  24  2:47  Zealot  
  28  2:55  Probe (Chrono Boost)  
  29  3:00  Adept  
  29  3:04  Probe (Chrono Boost)  
  32  3:08  Assimilator  
  32  3:16  Zealot  
  32  3:18  Probe (Chrono Boost)  
  35  3:25  Zealot  
  35  3:26  Robotics Facility  
  37  3:34  Probe x2  
  37  3:58  Zealot  
  37  4:00  Probe  
  37  4:01  Probe  
  37  4:02  Zealot  
  43  4:10  Photon Cannon  
  43  4:15  Assimilator  
  43  4:18  Probe  
  43  4:19  Probe  
  45  4:28  Pylon  
  45  4:30  Probe  
  46  4:35  Pylon  
  46  4:46  Pylon, Probe  
  46  4:47  Immortal  
  46  4:49  Stalker  
  46  4:50  Pylon  
  53  4:58  Gateway  
  53  5:04  Stalker  
  56  5:07  Probe x2  
  57  5:15  Photon Cannon  
  57  5:19  Probe x2  
  59  5:22  Stalker  
  61  5:33  Pylon  
  61  5:39  Robotics Bay  
  59  5:43  Zealot, Photon Cannon  
  53  5:50  Stalker  
  55  6:17  Zealot x3  
  59  6:29  Probe x2  
  59  6:30  Pylon  
  57  6:42  Stalker x2  
  57  6:44  Immortal  
  61  6:55  Photon Cannon  
  60  7:02  Probe  
  60  7:04  Mothership Core  
  60  7:07  Extended Thermal Lance  
  63  7:11  Stargate  
  63  7:14  Probe  
  63  7:15  Stargate, Pylon  
  64  7:22  Zealot x3  
  68  7:25  Probe  
  68  7:27  Probe  
  72  7:31  Photon Cannon  
  72  7:34  Photon Cannon  
  72  7:43  Colossus (Chrono Boost)  
  78  7:56  Nexus  
  78  8:00  Stalker  
  78  8:02  Stalker  
  78  8:04  Adept  
  84  8:17  Void Ray  
  88  8:20  Probe x2  
  88  8:23  Photon Cannon  
  88  8:26  Pylon  
  90  8:38  Immortal (Chrono Boost)  
  90  8:41  Zealot x3  
  100  8:49  Pylon  
  74  9:30  Void Ray  
  70  9:32  Stalker x3  
  70  9:34  Void Ray  
  79  9:40  Mothership Core (Chrono Boost)  
  81  10:17  Nexus  
  81  10:20  Observer (Chrono Boost)  
  82  10:25  Zealot x3  
  88  10:29  Pylon  
  88  10:35  Pylon  
  84  11:19  Probe  
  84  11:20  Probe  
  86  11:31  Photon Cannon  
  86  11:34  Void Ray  
  86  11:40  Void Ray, Pylon  
  94  11:49  Probe  
  94  11:50  Probe x2  
  94  11:53  Nexus  
  97  11:59  Immortal (Chrono Boost)  
  97  12:00  Probe  
  101  12:02  Probe x2  
  104  12:14  Probe  
  102  12:32  Void Ray  
  102  12:36  Observer (Chrono Boost)  
  103  12:37  Void Ray  
  111  12:51  Stalker x2  
  115  12:52  Stalker  
  117  13:01  Colossus (Chrono Boost), Probe  
  117  13:03  Probe x2  
  126  13:06  Photon Cannon  
  126  13:10  Probe, Photon Cannon  
  126  13:12  Pylon, Probe  
  127  13:15  Probe  
  129  13:23  Assimilator  
  129  13:26  Pylon  
  129  13:28  Assimilator x2  
  125  13:48  Observer (Chrono Boost)  
  96  14:16  Void Ray, Stalker x3  
  102  14:22  Void Ray  
  102  14:24  Colossus (Chrono Boost)  
  105  15:31  Zealot x3  
  111  15:37  Gateway  
  111  15:40  Gateway  
  111  15:42  Gateway  
  111  15:46  Pylon  
  111  15:48  Pylon  
  111  15:55  Stalker x2  
  111  15:56  Stalker  
Tags
 
Add a new tag
Caveats
  • Supply blocks, unpowered buildings, or Contaminate may cause inaccurate times.
  • Supply counts are checked every 10 seconds.